 Dungeon Crawl Stone Soup version 0.31-a0-431-g88bdf31460 (webtiles) character file.

Game seed: 3373797266652610886

3040 CraigForest the Grappler (level 9, -8/76 HPs)
             Began as a Troll Shapeshifter on July 31, 2023.
             Was a Follower of Qazlal.
             Mangled by a two-headed ogre
             ... wielding a +0 giant spiked club
              (22 damage)
             ... on level 8 of the Dungeon.
             The game lasted 00:19:38 (6527 turns).

CraigForest the Grappler (Troll Shapeshifter)       Turns: 6527, Time: 00:19:39

Health: -8/76      AC:  5    Str: 29    XL:     9   Next: 56%
Magic:  8/8        EV: 10    Int:  4    God:    Qazlal [*.....]
Gold:   1034       SH:  1    Dex: 10    Spells: 8/8 levels left

rFire   . .          .
                       - Unarmed
rCold   + . .        (no shield)
rNeg    . . .        C - +1 robe
rPois   +            (helmet currently unavailable)
rElec   .            (cloak currently unavailable)
rCorr   .            (gloves unavailable)
SInv    .            (boots unavailable)
Will    .....        (no amulet)
Stlth   +            t - ring of poison resistance
HPRegen 1.12/turn    a - ring of protection from cold
MPRegen 0.11/turn

%: no passive effects
@: beast-form
A: beast (slay +4), large, unfitting armour, claws 3, regeneration 1, shaggy fur
1, tough skin 1
a: Begin Untransformation, Renounce Religion


You were on level 8 of the Dungeon.
You worshipped Qazlal.
Qazlal was aware of your devotion.
You were a hulking beast.
You visited 2 branches of the dungeon, and saw 9 of its levels.

You collected 1034 gold pieces.

Inventory:

Hand Weapons
 d - a +2 mace of protection
 r - a +2 vampiric battleaxe
Missiles
 p - 28 poisoned darts
 x - 7 boomerangs (quivered)
Armour
 C - a +1 robe (worn)
Magical Staves
 y - a staff of cold
Jewellery
 a - a ring of protection from cold (right claw)
 t - a ring of poison resistance (left claw)
 u - a ring of fire
 w - a ring of ice
 E - an amulet of guardian spirit
Talismans
 c - a beast talisman (active)
Wands
 e - a wand of polymorph (19)
 k - a wand of roots (6)
 n - a wand of quicksilver (4)
 o - a wand of flame (11)
 v - a wand of mindburst (18)
Scrolls
 h - 2 scrolls of fear
 i - 3 scrolls of enchant armour
 m - 3 scrolls of teleportation
 q - a scroll of immolation
 s - a scroll of amnesia
 F - a scroll of fog
Potions
 b - 2 potions of lignification
 f - 2 potions of magic
 g - 2 potions of curing
 j - 2 potions of ambrosia
 l - 3 potions of heal wounds
 z - a potion of invisibility
 A - a potion of enlightenment
 B - a potion of brilliance {unknown}
 D - a potion of haste {unknown}


   Skills:
 - Level 1.0 Fighting
 - Level 2.0 Dodging
 + Level 11.5 Unarmed Combat
 + Level 6.8 Shapeshifting


You had 8 spell levels left.
You didn't know any spells.
Your spell library contained the following spells:

 Spells                   Type           Power      Damage    Failure   Level
 Scorch                   Fire           0%         2d5       65%         2
 Flame Wave               Conj/Fire      0%         2d4       99%         4
 Summon Cactus Giant      Summ           0%         N/A       100%        6


Dungeon Overview and Level Annotations

Branches:
Dungeon (8/15)             Temple (1/1) D:7
   Lair: D:8-11

Altars:
Cheibriados
Dithmenos
Elyvilon
Kikubaaqudgha
Nemelex Xobeh
Qazlal
Sif Muna
Uskayaw
Vehumet
Xom
Zin
The Shining One


Innate Abilities, Weirdness & Mutations

You are a hulking beast.
Your limbs bulge with bestial killing power. (Slay +4)
You are too large for most types of armour.
You have claws for hands.
Your natural rate of healing is unusually fast.
You are covered in fur. (AC +1)
You have tough skin. (AC +1)


Message History

The orc warrior is lightly wounded.
You completely miss the orc warrior.
The orc warrior is lightly wounded.
The orc warrior hits you with a +0 short sword!
The white imp barely misses you.
You barely miss the orc warrior. You claw the orc warrior.
The orc warrior is moderately wounded.
The white imp barely misses you.
The orc warrior hits you with a +0 short sword!
You mangle the orc warrior!!
You kill the orc warrior!
Qazlal accepts your kill.
The white imp is engulfed in freezing vapours.
The white imp gestures at you. The puff of frost hits you. You resist.
You claw the white imp!
You kill the white imp!
Qazlal accepts your kill.
You barely miss the two-headed ogre.
The two-headed ogre hits you with a +0 giant spiked club!
The two-headed ogre hits you with a +0 giant club!
You barely miss the two-headed ogre. You claw the two-headed ogre!
The two-headed ogre is moderately wounded.
The two-headed ogre hits you with a +0 giant spiked club!
The two-headed ogre barely misses you.
You are too injured to fight recklessly!
You are too injured to fight recklessly!
You are too injured to fight recklessly!
You are too injured to fight recklessly!
You are too injured to fight recklessly!
You are too injured to fight recklessly!
You are too injured to fight recklessly!
You are too injured to fight recklessly!
Items here: ))) [[[ ††.
The two-headed ogre attacks as you move away!
The two-headed ogre hits you with a +0 giant spiked club!!
* * * LOW HITPOINT WARNING * * *
The two-headed ogre hits you with a +0 giant club!!
You die...

#.###### #...#
#.#.#.........
#......# #...#
#............#
#.####.# #...#
####....####.#
#...##.# #...#
#.......#.#
#.#.##.# #...#
#....##.#.#
#.#.##.# #.###
####......#
##......# #.#
####....
.....######
#.###### #####
###.......#
#..Oh..# #
#.#####.#
#°.###......
###.#...#.#.....
#####
#................
#.#.#...#.#.#.##.#
#.#.......#.#.. .#
#.##.<..###.##. .#
#. #.##.# # #. #.#
.#


You could see a two-headed ogre.

Vanquished Creatures
  A manticore (D:6)
  Joseph (D:7)
  A kobold demonologist (D:8)
  A wyvern (D:8)
  A water moccasin (D:6)
  An ice beast (D:7)
  A sky beast (D:6)
  3 orc warriors
  A black bear (D:6)
  An ogre (D:5)
  2 centaurs
  3 kobold brigands (D:8)
  A scorpion (D:7)
  A howler monkey (D:6)
  2 hounds
  2 jellies
  2 orc priests
  A gnoll bouda (D:3)
  An iguana (D:5)
  5 orc wizards
  Robin (D:2)
  7 gnolls
  10 adders
  7 white imps
  A worm (D:3)
  4 dart slugs
  37 orcs
  3 ball pythons
  10 endoplasms
  A giant cockroach (D:4)
  10 hobgoblins
  2 quokkas (D:1)
  5 bats
  A frilled lizard (D:3)
  19 goblins
  13 kobolds
  10 rats
173 creatures vanquished.

Notes
Turn   | Place    | Note
-------+----------+-------------------------------------------
     0 | D:1      | CraigForest the Troll Shapeshifter began the quest for the
                  | Orb.
     0 | D:1      | Reached XP level 1. HP: 18/18 MP: 0/0
   381 | D:1      | Reached XP level 2. HP: 25/26 MP: 1/1
  1033 | D:2      | Noticed Robin
  1037 | D:2      | Reached XP level 3. HP: 32/32 MP: 2/2
  1062 | D:2      | Killed Robin
  1272 | D:2      | Reached skill level 4 in Unarmed Combat
  1274 | D:2      | Reached XP level 4. HP: 36/40 MP: 3/3
  1319 | D:2      | Found a faded altar of an unknown god.
  1869 | D:2      | Reached skill level 1 in Fighting
  2163 | D:3      | Reached XP level 5. HP: 46/48 MP: 4/4
  2167 | D:3      | Reached skill level 5 in Unarmed Combat
  2265 | D:3      | Reached XP level 6. HP: 10/55 MP: 5/5
  2763 | D:4      | Noticed an orc warrior
  2775 | D:4      | Killed an orc warrior
  2776 | D:4      | Reached skill level 6 in Unarmed Combat
  3291 | D:5      | Entered Level 5 of the Dungeon
  3360 | D:5      | Reached XP level 7. HP: 52/62 MP: 6/6
  3867 | D:5      | Reached skill level 7 in Unarmed Combat
  4380 | D:6      | Reached skill level 5 in Shapeshifting
  4528 | D:6      | Found a stormy altar of Qazlal.
  4544 | D:6      | Became a worshipper of Qazlal Stormbringer
  4570 | D:6      | Reached skill level 8 in Unarmed Combat
  4570 | D:6      | Reached XP level 8. HP: 64/70 MP: 7/7
  4582 | D:6      | Noticed a manticore
  4591 | D:6      | Killed a manticore
  4695 | D:6      | Reached skill level 9 in Unarmed Combat
  5010 | D:6      | Identified a scroll of acquirement
  5010 | D:6      | Acquired 758 gold pieces
  5061 | D:7      | Noticed Joseph
  5072 | D:7      | Killed Joseph
  5117 | D:7      | Found a shadowy altar of Dithmenos.
  5252 | D:7      | Reached skill level 10 in Unarmed Combat
  5252 | D:7      | Reached XP level 9. HP: 58/76 MP: 8/8
  5398 | D:7      | Found a staircase to the Ecumenical Temple.
  5416 | Temple   | Entered the Ecumenical Temple
  6014 | D:7      | Reached * piety under Qazlal
  6198 | D:8      | Noticed a kobold demonologist
  6208 | D:8      | Noticed a rust devil
  6209 | D:8      | Killed a kobold demonologist
  6210 | D:8      | Reached skill level 11 in Unarmed Combat
  6515 | D:8      | Noticed a two-headed ogre
  6527 | D:8      | Mangled by a two-headed ogre

Illustrated notes

Levels and vault maps discovered:
D:1:      dpeg_arrival_subterranean_lakeside_camping, layout_basic
D:2:      cheibrodos_helix_gallery, layout_basic,
          shapermc_ecumenical_altar_totnotflames, minmay_misc_feat_diagonals,
          uniq_robin
D:3:      layout_rooms, nrook_mini_vaults, nrook_loot_triangle
D:4:      layout_basic, minivault_19
D:5:      layout_layer_cave
D:6:      layout_loops_ring, old_standard_altar
D:7:      corexii_shack_village, layout_basic, nicolae_dithmenos_the_darkroom,
          temple_statues, uniq_joseph
D:8:      layout_loops_cross, serial_shops, shop
Temple:   eino_temple_lava

Skill      XL: |  1  2  3  4  5  6  7  8  9 |
---------------+----------------------------+-----
Unarmed Combat | 4 5 6 8 10 11 | 11.5
Dodging        | 2 |  2.0
Fighting       | 1 |  1.0
Shapeshifting  | 4 5 6 |  6.8

Action                     |  1- 3 |  4- 6 |  7- 9 || total
---------------------------+-------+-------+-------++-------
  Melee: Unarmed           |    81 |   138 |   159 ||   378
         Punch             |     2 |     1 |    11 ||    14
  Throw: Boomerang         |       |       |     4 ||     4
    Use: Scroll            |     3 |     4 |    13 ||    20
 Armour: Robe              |    23 |    35 |    19 ||    77
  Dodge: Dodged            |    33 |    60 |    61 ||   154
  Block: Other             |       |       |     2 ||     2

Table legend: (Time is in decaauts)
 A = Elapsed time spent in this place.
 B = Non-inter-level travel time spent in this place.
 C = Inter-level travel time spent in this place.
 D = Time resting spent in this place.
 E = Time spent auto-exploring this place.
 F = Levels seen in this place.
 G = Mean time per level.
                   A        B        C        D        E       F      G
               +--------+--------+--------+--------+--------+-----+--------+
         Total |   6480 |   5908 |    572 |      0 |   5036 |   9 |  720.0 |
       Dungeon |   6479 |   5907 |    572 |      0 |   5036 |   8 |  809.9 |
        Temple |      1 |      1 |      0 |      0 |      0 |   1 |    1.0 |
               +--------+--------+--------+--------+--------+-----+--------+

Top non-repeatable levels by time:
     D:7: 1063 daAuts
     D:2: 1040 daAuts
     D:5: 1032 daAuts
     D:1: 848 daAuts
     D:4: 835 daAuts
     D:6: 723 daAuts
     D:3: 548 daAuts
     D:8: 387 daAuts
  Temple: 1 daAuts
